 Dungeon Crawl Stone Soup version 0.30-a0-341-g682706514a (webtiles) character file.

Game seed: 4840398191917041138

3 themarg the Cleaver (level 1, -3/17 HPs)
             Began as a Gnoll Wanderer on Nov 5, 2022.
             Slain by a gnoll
             ... wielding a +0 vorpal spear
              (6 damage)
             ... on level 1 of the Dungeon.
             The game lasted 00:00:41 (119 turns).

themarg the Cleaver (Gnoll Wanderer)                 Turns: 119, Time: 00:00:41

Health: -3/17      AC:  4    Str: 15    XL:     1   Next: 50%
Magic:  1/1        EV: 11    Int:  7    God:
Gold:   0          SH:  0    Dex: 11    Spells: 0/0 levels left

rFire   . . .      SeeInvis .    a - +2 hand axe
rCold   . . .      Faith    .    (no shield)
rNeg    . . .      Spirit   .    e - +0 leather armour
rPois   .          Reflect  .    (no helmet)
rElec   .          Harm     .    (no cloak)
rCorr   .          Rampage  .    c - +0 pair of gloves
Will    .....                    (no boots)
Stlth   ++........               (no amulet)
HPRegen 0.22/turn                (no ring)
MPRegen 0.07/turn                (no ring)

@: no status effects
A: fangs 1, strong nose, distributed training
a: no special abilities


You were on level 1 of the Dungeon.
You visited 1 branch of the dungeon, and saw 1 of its levels.

Inventory:

Hand Weapons
 a - a +2 hand axe (weapon)
 b - a +0 mace
Armour
 c - a +0 pair of gloves (worn)
 e - a +0 leather armour (worn)
Scrolls
 d - a scroll of fog
 g - a scroll of identify {unknown}
Potions
 f - a potion of ambrosia {unknown}


   Skills:
 + Level 2.3 Fighting
 + Level 0.0 Short Blades
 + Level 0.0 Long Blades
 + Level 8.4 Axes
 + Level 4.4 Maces & Flails
 + Level 0.0 Polearms
 + Level 0.0 Staves
 + Level 0.0 Ranged Weapons
 + Level 0.0 Throwing
 + Level 0.0 Armour
 + Level 0.0 Dodging
 + Level 4.0 Stealth
 + Level 0.0 Shields
 + Level 0.0 Unarmed Combat
 + Level 0.0 Spellcasting
 + Level 0.0 Conjurations
 + Level 0.0 Hexes
 + Level 0.0 Summonings
 + Level 0.0 Necromancy
 + Level 0.0 Translocations
 + Level 0.0 Transmutations
 + Level 0.0 Fire Magic
 + Level 0.0 Ice Magic
 + Level 0.0 Air Magic
 + Level 0.0 Earth Magic
 + Level 0.0 Poison Magic
 + Level 0.1 Invocations
 + Level 2.3 Evocations


You couldn't memorise any spells.
You didn't know any spells.
Your spell library was empty.

Dungeon Overview and Level Annotations

Branches:
Dungeon (1/15)

Altars:


Innate Abilities, Weirdness & Mutations

You have very sharp teeth.
Your uncanny sense of smell can sniff out nearby items.
Your experience applies equally to all skills.


Message History

The quokka completely misses you. The quokka barely misses you.
You hit the quokka but do no damage.
The quokka is heavily wounded.
The quokka closely misses you.
You hit the quokka.
You kill the quokka!
You start resting.
HP restored.
You see here a quokka corpse.
A hobgoblin comes into view.
Found 7 gold pieces.
Found a stone staircase leading down.
The hobgoblin shouts!
You hear a shout!
A gnoll comes into view. It is wielding a +0 vorpal spear.
Found 3 stones.
The gnoll shouts!
The hobgoblin misses you.
You barely miss the hobgoblin. The hobgoblin closely misses you.
The hobgoblin attacks as you move away! The hobgoblin hits you.
You see here a quokka corpse.
You hit the hobgoblin.
The hobgoblin is almost dead.
The hobgoblin hits you.
You slash the hobgoblin!
You kill the hobgoblin!
The gnoll closely misses you.
You see here a hobgoblin corpse.
The gnoll hits you with a +0 vorpal spear.
You see here a quokka corpse.
You closely miss the gnoll. You bite the gnoll, but do no damage.
The gnoll barely misses you.
You barely miss the gnoll. Your bite misses the gnoll.
The gnoll hits you but does no damage.
You hit the gnoll. You punch the gnoll.
The gnoll is moderately wounded.
The gnoll hits you with a +0 vorpal spear.
* * * LOW HITPOINT WARNING * * *
x2 You closely miss the gnoll.
The gnoll is moderately wounded.
The gnoll hits you with a +0 vorpal spear.
You die...

#.....># #....#
###......###.#..#
#........##..#..# .
........##.##..# ..#
#......##.##..#
....#......##.##..##
..!......$.##.#....##
...#..g####....##..#
###.@###..#####.#
##.†....# #.#
####...## #.####
##...## #....# #....#
#....# #..#.# #....#
#.##.###....#
#.##........#
########....#


You could see a gnoll.

Vanquished Creatures
  A hobgoblin (D:1)
  A quokka (D:1)
  A frilled lizard (D:1)
3 creatures vanquished.

Notes
Turn   | Place    | Note
-------+----------+-------------------------------------------
     0 | D:1      | themarg the Gnoll Wanderer began the quest for the Orb.
     0 | D:1      | themarg set off with the following items: a +2 hand axe, a
                  | +0 mace, a +0 pair of gloves, a scroll of fog, a +0 leather
                  | armour.
     0 | D:1      | Reached XP level 1. HP: 17/17 MP: 1/1
   119 | D:1      | Slain by a gnoll

Illustrated notes

Levels and vault maps discovered:
D:1:      eino_arrival_tree_alley, layout_rooms

Action                   || total
-------------------------++-------
Melee: Hand axe          ||    16
       Punch             ||     1
       Bite              ||     1
Armor: Leather armour    ||     2
Dodge: Dodged            ||    10

Table legend: (Time is in decaauts)
 A = Elapsed time spent in this place.
 B = Non-inter-level travel time spent in this place.
 C = Inter-level travel time spent in this place.
 D = Time resting spent in this place.
 E = Time spent auto-exploring this place.
 F = Levels seen in this place.
 G = Mean time per level.
                   A        B        C        D        E       F      G
               +--------+--------+--------+--------+--------+-----+--------+
         Total |    117 |    117 |      0 |     14 |     69 |   1 |  117.0 |
       Dungeon |    117 |    117 |      0 |     14 |     69 |   1 |  117.0 |
               +--------+--------+--------+--------+--------+-----+--------+

Top non-repeatable levels by time:
     D:1: 117 daAuts
